 Dungeon Sprint DCSS version 0.19-a0-1170-g18f0c96 (webtiles) character file.

10726 Deeps the Peltast (level 11, -4/116 HPs)
             Began as a Minotaur Fighter on Aug 16, 2016.
             Was the Champion of Okawaru.
             Slain by a sun demon (18 damage)
             ... summoned by an orc high priest
             ... in the Dungeon (Sprint IX: "|||||||||||||||||||||||||||||").
             The game lasted 00:06:10 (1646 turns).

Deeps the Peltast (Minotaur Fighter)                Turns: 1646, Time: 00:06:11

Health: -4/116     AC: 23    Str: 23    XL:     11   Next: 40%
Magic:  10/10      EV:  8    Int:  8    God:    Okawaru [******]
Gold:   1262       SH:  0    Dex: 11    Spells: 0 memorised, 10 levels left

rFire  . . .     SeeInvis .     z - +0 great sword (drain)
rCold  . . .     Gourm    .     A - +0 plate armour
rNeg   . . .     Faith    .     (shield currently unavailable)
rPois  .         Spirit   .     (helmet restricted)
rElec  .         Dismiss  .     y - +0 cloak
rCorr  .         Reflect  .     a - +0 pair of gloves
MR     .....     Harm     .     (no boots)
Stlth  .......... NoTele   +    (no amulet)
                                r - +3 ring of intelligence
                                q - +2 ring of protection

@: hasted, very quick
A: retaliatory headbutt, horns 2
a: Heroism, Finesse, Renounce Religion


You were in the Dungeon.
You worshipped Okawaru.
Okawaru was exalted by your worship.
You were not hungry.

You visited 1 branch You collected 1262 gold pieces.

Inventory:

Hand Weapons
 p - a +4 scimitar of flaming
 z - a +0 great sword of draining (weapon)
Armour
 a - a +0 pair of gloves (worn)
 b - a +0 scale mail
 c - a +0 shield
 y - a +0 cloak (worn)
 A - a +0 plate armour (worn)
 B - the +0 large shield "Haomatist" {rPois Str-2 Int+4}
   (Okawaru gifted it to you in the Dungeon)

   It affects your strength (-2).
   It affects your intelligence (+4).
   It protects you from poison.
Magical Staves
 s - an uncursed staff of energy
Jewellery
 q - a +2 ring of protection (left hand)
 r - a +3 ring of intelligence (right hand)
Wands
 o - a wand of lightning (5/15)
Scrolls
 k - 2 scrolls of blinking
 m - 4 scrolls of remove curse
 n - 2 scrolls of amnesia
 t - 2 scrolls of fog
 u - a scroll of recharging
 v - a scroll of magic mapping
Potions
 d - 3 potions of agility
 e - 5 potions of curing
 g - 3 potions of heal wounds
 i - 4 potions of magic
 j - a potion of berserk rage
 l - a potion of invisibility
Comestibles
 f - 14 bread rations
 w - 40 fruits
 x - 11 meat rations


   Skills:
 + Level 16.6 Fighting
 + Level 16.4 Long Blades
 + Level 16.5 Armour
 + Level 16.6 Shields


You had 10 spell levels left.
You didn't know any spells.

Dungeon Overview and Level Annotations

Branches:
Dungeon (1/1)

Altars:
Cheibriados
Dithmenos
Elyvilon
Fedhas
Gozag
Hepliaklqana
Kikubaaqudgha
Makhleb
Nemelex Xobeh
Okawaru
Pakellas
Qazlal
Ru
Sif Muna
Trog
Uskayaw
Vehumet
Xom
Yredelemnul
Zin
The Shining One
Beogh
Jiyva
Lugonu

Shops:
D *


Innate Abilities, Weirdness & Mutations

You reflexively headbutt those who attack you in melee.
You have a pair of horns on your head.


Message History

You headbutt the orc high priest.
You riposte.
You slash the orc high priest!
The orc high priest is severely wounded.
You barely miss the orc high priest.
Your headbutt misses the orc high priest.
The orc high priest is severely wounded.
The sun demon hits you.
You are engulfed in flames!
* * * LOW HITPOINT WARNING * * *
The orc high priest mumbles some strange prayers to Beogh against you.
Beogh smites you!
* * * LOW HITPOINT WARNING * * *
You feel much better.
The sun demon hits you but does no damage.
The orc priest mumbles some strange prayers to Beogh against you.
Beogh smites you!
* * * LOW HITPOINT WARNING * * *
The orc high priest hits you but does no damage.
You feel yourself speed up. The sun demon hits you.
* * * LOW HITPOINT WARNING * * *
You are engulfed in flames!!
You die...

__________________'...)[.[..)....
▓▓▓▓▓▓▓▓▓▓▓▓▓▓▓▓▓▓▓▓▓▓▓▓▓▓▓▓▓▓▓▓▓
.................................
▓▓▓▓▓▓▓▓▓▓▓▓▓▓▓▓▓▓▓▓▓▓▓▓▓▓▓▓▓▓▓▓▓
.......†††........†.†.......[..'.
▓▓▓▓▓▓▓▓▓▓▓▓▓▓▓▓▓▓▓▓▓▓▓▓▓▓▓▓▓▓▓▓▓
.................................
▓▓▓▓▓▓▓▓▓▓▓▓▓▓▓▓▓▓▓▓▓▓▓▓▓▓▓▓▓▓▓▓▓
....))))))).)..3@o3ooooo
▓▓▓▓▓▓▓▓▓▓▓▓▓▓▓▓▓▓▓▓▓▓▓▓


You could see 2 orc high priests, a sun demon, a neqoxec and 4 orc priests.

Vanquished Creatures
  A stone giant (D)
  Josephine (D)
  A death yak (D)
  An orc high priest (D)
  A hill giant (D)
  4 orc knights (D)
  An ugly thing (D)
  An orc sorcerer (D)
  A komodo dragon (D)
  4 polar bears (D)
  2 blink frogs (D)
  3 wraiths (D)
  A hippogriff (D)
  3 water moccasins (D)
  A porcupine (D)
  4 black bears (D)
  2 ice beasts (D)
  9 orc warriors (D)
  A necrophage (D)
  2 crocodiles (D)
  6 giant frogs (D)
  A scorpion (D)
  2 howler monkeys (D)
  A crimson imp (D)
  3 orc priests (D)
  2 orc wizards (D)
  An iguana (D)
  A worker ant (D)
  An adder skeleton (D)
  A dart slug (D)
  8 orcs (D)
  A bat zombie (D)
  A goblin (D)
  A jackal (D)
  2 kobolds (D)
  A bat (D)
  A giant cockroach zombie (D)
78 creatures vanquished.

Notes
Turn   | Place    | Note
-------+----------+-------------------------------------------
     0 | D        | Deeps the Minotaur Fighter began the quest for the Orb.
     0 | D        | Reached XP level 1. HP: 19/19 MP: 0/0
    15 | D        | Noticed an orc wizard
    15 | D        | Noticed a crimson imp
    22 | D        | Killed an orc wizard
    22 | D        | Reached skill level 5 in Fighting
    22 | D        | Reached skill level 5 in Armour
    22 | D        | Reached skill level 5 in Shields
    22 | D        | Reached XP level 2. HP: 18/29 MP: 1/1
    22 | D        | Reached XP level 3. HP: 22/36 MP: 2/2
    45 | D        | Reached skill level 5 in Long Blades
    45 | D        | Reached XP level 4. HP: 30/44 MP: 3/3
   151 | D        | Found a glowing silver altar of Zin.
   151 | D        | Found a glowing golden altar of the Shining One.
   151 | D        | Found an ancient bone altar of Kikubaaqudgha.
   151 | D        | Found a basalt altar of Yredelemnul.
   151 | D        | Found a shimmering altar of Xom.
   151 | D        | Found a radiant altar of Vehumet.
   152 | D        | Found an iron altar of Okawaru.
   153 | D        | Found a burning altar of Makhleb.
   154 | D        | Found a deep blue altar of Sif Muna.
   155 | D        | Found a bloodstained altar of Trog.
   156 | D        | Found a sparkling altar of Nemelex Xobeh.
   157 | D        | Found a white marble altar of Elyvilon.
   158 | D        | Found a roughly hewn altar of Beogh.
   159 | D        | Found a viscous altar of Jiyva.
   160 | D        | Became a worshipper of Warmaster Okawaru
   161 | D        | Found a corrupted altar of Lugonu.
   162 | D        | Found a blossoming altar of Fedhas.
   163 | D        | Found a snail-covered altar of Cheibriados.
   164 | D        | Found a shadowy altar of Dithmenos.
   165 | D        | Found a stormy altar of Qazlal.
   166 | D        | Found an opulent altar of Gozag.
   167 | D        | Found a sacrificial altar of Ru.
   168 | D        | Found an oddly glowing altar of Pakellas.
   169 | D        | Found a hide-covered altar of Uskayaw.
   170 | D        | Found a hazy altar of Hepliaklqana.
   238 | D        | Noticed an ice beast
   238 | D        | Noticed a necrophage
   252 | D        | Killed an ice beast
   252 | D        | Reached * piety under Okawaru
   252 | D        | Reached XP level 5. HP: 26/53 MP: 4/4
   262 | D        | Killed a necrophage
   262 | D        | Reached XP level 6. HP: 33/62 MP: 5/5
   407 | D        | Noticed an ice beast
   407 | D        | Noticed a purple ugly thing
   407 | D        | Noticed a hill giant
   415 | D        | Killed a cyan ugly thing
   415 | D        | Reached ** piety under Okawaru
   415 | D        | Reached skill level 10 in Fighting
   415 | D        | Reached skill level 10 in Long Blades
   415 | D        | Reached skill level 10 in Armour
   415 | D        | Reached skill level 10 in Shields
   415 | D        | Reached XP level 7. HP: 73/73 MP: 6/6
   421 | D        | Killed a hill giant
   421 | D        | Reached *** piety under Okawaru
   421 | D        | Reached XP level 8. HP: 63/82 MP: 7/7
   565 | D        | Reached **** piety under Okawaru
   569 | D        | Reached XP level 9. HP: 58/91 MP: 8/8
   773 | D        | Noticed a komodo dragon
   773 | D        | Noticed a death yak
   775 | D        | Killed a komodo dragon
   785 | D        | Killed a death yak
   785 | D        | Reached ***** piety under Okawaru
   806 | D        | Noticed a polar bear
   806 | D        | Noticed a polar bear
   806 | D        | Noticed a polar bear
   806 | D        | Noticed a polar bear
   814 | D        | Killed a polar bear
   814 | D        | Reached XP level 10. HP: 55/102 MP: 9/9
  1083 | D        | Noticed Josephine
  1092 | D        | Killed Josephine
  1092 | D        | Reached ****** piety under Okawaru
  1108 | D        | Reached skill level 15 in Fighting
  1108 | D        | Reached skill level 15 in Armour
  1108 | D        | Reached skill level 15 in Shields
  1142 | D        | Noticed an orc knight
  1142 | D        | Noticed a stone giant
  1150 | D        | Killed an orc knight
  1150 | D        | Received a gift from Okawaru
  1150 | D        | Reached skill level 15 in Long Blades
  1161 | D        | Killed a stone giant
  1169 | D        | Reached XP level 11. HP: 74/113 MP: 10/10
  1522 | D        | Noticed an orc knight
  1522 | D        | Noticed an orc knight
  1547 | D        | Killed an orc knight
  1547 | D        | Received a gift from Okawaru
  1549 | D        | Killed an orc knight
  1559 | D        | Noticed an orc sorcerer
  1562 | D        | Noticed an orc knight
  1569 | D        | Killed an orc sorcerer
  1576 | D        | Killed an orc knight
  1604 | D        | Got a warped large shield {god gift}
  1613 | D        | Identified the +0 large shield "Haomatist" {rPois Str-2 Int+4} (Okawaru gifted it to you in the Dungeon)
  1635 | D        | Found Tuewo's General Store.
  1635 | D        | Noticed an orc high priest
  1635 | D        | Noticed an orc high priest
  1635 | D        | Noticed an orc high priest
  1640 | D        | Killed an orc high priest
  1642 | D        | Noticed a sun demon
  1646 | D        | Slain by a sun demon

Vault maps used:
D:        linesprint

Skill      XL: |  1  2  3  4  5  6  7  8  9 10 11 |
---------------+----------------------------------+-----
Fighting       | 5 7 8 10 11 12 13 15 16 | 16.6
Long Blades    | 4 5 7 8 10 11 12 13 15 16 | 16.4
Armour         | 5 7 8 10 11 12 13 15 16 | 16.5
Shields        | 5 6 7 8 10 11 12 14 15 16 | 16.6

Action                   |  1- 3 |  4- 6 |  7- 9 | 10-12 || total
-------------------------+-------+-------+-------+-------++-------
Melee: Long sword        |    27 |       |       |       ||    27
       Headbutt          |     2 |     4 |    13 |    32 ||    51
       Scimitar          |       |    32 |    79 |    96 ||   207
       Great sword       |       |       |       |    59 ||    59
Evoke: Wand              |       |       |       |     2 ||     2
  Use: Potion            |       |     2 |       |     5 ||     7
       Scroll            |       |       |     2 |       ||     2
  Eat: Meat ration       |       |       |       |     1 ||     1
Armor: Scale mail        |    12 |     7 |    11 |    24 ||    54
       Plate armour      |       |       |       |     4 ||     4
Dodge: Dodged            |     8 |     7 |    19 |    29 ||    63
Block: Shield            |    14 |     8 |    28 |    38 ||    88
